 Dungeon Crawl Stone Soup version 0.26-a0-646-g5d7718319a (webtiles) character file.

Game seed: 4357736005966322937

7 DogServant the Vandal (level 2, 19/19 HPs)
             Began as a Halfling Hunter on Sept 24, 2020.
             Quit the game on level 1 of the Dungeon.
             The game lasted 00:01:25 (260 turns).

DogServant the Vandal (Halfling Hunter)              Turns: 260, Time: 00:01:26

Health: 19/19      AC:  3    Str: 13    XL:     2   Next: 10%
Magic:  2/2        EV: 14    Int:  9    God:
Gold:   27         SH:  0    Dex: 14    Spells: 1/1 levels left

rFire    . . .     SeeInvis .   e - +1 dagger (drain)
rCold    . . .     Faith    .   (shield restricted)
rNeg     . . .     Spirit   .   c - +0 leather armour
rPois    .         Reflect  .   (no helmet)
rElec    .         Harm     .   (no cloak)
rCorr    .         Rampage  .   (no gloves)
MR       .....                  (no boots)
Stlth    +.........             (no amulet)
HPRegen  0.06/turn              (no ring)
MPRegen  0.08/turn              (no ring)

@: no status effects
A: small, mutation resistance 1
a: no special abilities


You were on level 1 of the Dungeon.
You visited 1 branch of the dungeon, and saw 1 of its levels.

You collected 27 gold pieces.

Inventory:

Hand Weapons
 a - a +1 hunting sling
 b - a +0 short sword
 e - a +1 dagger of draining (weapon)
Missiles
 d - 20 sling bullets
 f - 24 stones (quivered)
Armour
 c - a +0 leather armour (worn)
Scrolls
 h - a scroll of amnesia {unknown}
Potions
 g - a potion of degeneration {unknown}
 i - 2 potions of flight {unknown}


   Skills:
 + Level 2.0 Fighting
 + Level 6.2 Slings
 - Level 2.1 Dodging
 - Level 1.1 Stealth


You had one spell level left.
You didn't know any spells.
Your spell library was empty.

Dungeon Overview and Level Annotations

Branches:
Dungeon (1/15)

Altars:


Innate Abilities, Weirdness & Mutations

You are small and have problems with some larger weapons.
You are somewhat resistant to further mutation.


Message History

The goblin completely misses you.
You hit the goblin.
You kill the goblin!
Your Fighting skill increases to level 2!
You have reached level 2!
You now have 21 gold pieces (gained 9).
You now have 27 gold pieces (gained 6).
You open the door.
There is an open door here.
A giant cockroach comes into view.
A giant cockroach is nearby!
A giant cockroach is nearby!
You barely miss the giant cockroach. The giant cockroach barely misses you.
You hit the giant cockroach but do no damage.
The giant cockroach bites you but does no damage.
The giant cockroach misses you.
You hit the giant cockroach. You drain the giant cockroach.
You kill the giant cockroach!
No target in view!
Are you sure you want to abandon this character and quit the game? (Confirm with "yes".)

#.#.# #.#.# #...#
#.#.# #.#.######...#
#.#.# #.#......#...#
#.#.###.#....[.#...#
#...#.#......'....
###.###.#.##.....#####
..........######## #
#####.###.### #
#.....†@..###### #
#.###.#####.....#### #
# #....#####
#......... ##....##..
. ####..#...##
....##....###...#
#......<.## ###..
##..##...# ###


There were no monsters in sight!

Vanquished Creatures
  A bat (D:1)
  A giant cockroach (D:1)
  A goblin (D:1)
  A hobgoblin (D:1)
  A ball python (D:1)
  2 kobolds (D:1)
7 creatures vanquished.

Notes
Turn   | Place    | Note
-------+----------+-------------------------------------------
     0 | D:1      | DogServant the Halfling Hunter began the quest for the Orb.
     0 | D:1      | Reached XP level 1. HP: 14/14 MP: 1/1
    45 | D:1      | Reached skill level 6 in Slings
   227 | D:1      | Reached XP level 2. HP: 19/19 MP: 2/2
   260 | D:1      | Quit the game

Illustrated notes

Levels and vault maps discovered:
D:1:      dpeg_arrival_round_c, layout_basic

Skill      XL: |  1 |
---------------+----+-----
Slings         | 6 |  6.2
Fighting       | 2 |  2.0
Dodging        | |  2.1
Stealth        | |  1.1

Action                   || total
-------------------------++-------
Melee: Dagger            ||    14
 Fire: Hunting sling     ||     1
Armor: Leather armour    ||     3
Dodge: Dodged            ||    12

Table legend: (Time is in decaauts)
 A = Elapsed time spent in this place.
 B = Non-inter-level travel time spent in this place.
 C = Inter-level travel time spent in this place.
 D = Time resting spent in this place.
 E = Time spent auto-exploring this place.
 F = Levels seen in this place.
 G = Mean time per level.
                   A        B        C        D        E       F      G
               +--------+--------+--------+--------+--------+-----+--------+
         Total |    259 |    259 |      0 |      0 |    202 |   1 |  259.0 |
       Dungeon |    259 |    259 |      0 |      0 |    202 |   1 |  259.0 |
               +--------+--------+--------+--------+--------+-----+--------+

Top non-repeatable levels by time:
     D:1: 259 daAuts
